R+ - U24
BRISTOL PIRATES @ MOOSE JAW DIAMOND DOGS
09/03/2052
 
TOP OF THE 1ST
Missoula Osprey batting - Pitching for Pocatello Pioneers : RHP Ulises Macareno
Pitching: RHP Ulises Macareno
Batting: RHB Joe Miller 0-0: Ball
1-0: Ball
2-0: Ball
3-0: Called Strike
3-1: Foul Ball, location: 2F
3-2: Fly out, F7 (Line Drive, 7D, EV 92.5 MPH)
Batting: LHB Ross Dix 0-0: Ball
1-0: Called Strike
1-1: Foul Ball, location: 2F
1-2: Strikes out looking
Batting: RHB Maddox Voorhees 0-0: Ball
1-0: Ball
2-0: Ball
3-0: Called Strike
3-1: Foul Ball, location: 2F
3-2: Strikes out swinging
Top of the 1st over - 0 runs, 0 hits, 0 errors, 0 left on base; Missoula 0 - Pocatello 0
BOTTOM OF THE 1ST
Pocatello Pioneers batting - Pitching for Missoula Osprey : RHP Don Thibodeaux
Pitching: RHP Don Thibodeaux
Batting: RHB George Williams 0-0: Ball
1-0: Swinging Strike
1-1: Ground out 5-3 (Groundball, 56S, EV 73.1 MPH)
Batting: RHB Ben Calderini 0-0: Fly out, F8 (Flyball, 8LD, EV 83.1 MPH)
Batting: LHB Andrew Zollars 0-0: Ball
1-0: Swinging Strike
1-1: Ball
2-1: Foul Ball, location: 2F
2-2: Ball
3-2: Foul Ball, location: 2F
3-2: SINGLE (Groundball, 34, EV 93.8 MPH)
Batting: LHB Cole Goggans 0-0: Ball
Andrew Zollars steals 2nd base
1-0: Ball
2-0: Called Strike
2-1: Called Strike
2-2: Strikes out looking
Bottom of the 1st over - 0 runs, 1 hit, 0 errors, 1 left on base; Missoula 0 - Pocatello 0
TOP OF THE 2ND
Missoula Osprey batting - Pitching for Pocatello Pioneers : RHP Ulises Macareno
Batting: RHB Andy Schweickert 0-0: Ball
1-0: Called Strike
1-1: Foul Ball, location: 2F
1-2: Strikes out swinging
Batting: RHB D.J. Toya 0-0: Called Strike
0-1: Ball
1-1: Foul Ball, location: 2F
1-2: SINGLE (Flyball, 89S, EV 90.6 MPH)
Batting: LHB Ziggy Delagarza 0-0: Ball
1-0: Called Strike
1-1: Ball
2-1: Foul Ball, location: 2F
2-2: Fly out, F5 (Popup, 5SF, EV 82.5 MPH)
Batting: RHB Colton McGuire 0-0: Called Strike
0-1: Fly out, F8 (Flyball, 8RM, EV 83.1 MPH)
Top of the 2nd over - 0 runs, 1 hit, 0 errors, 1 left on base; Missoula 0 - Pocatello 0
BOTTOM OF THE 2ND
Pocatello Pioneers batting - Pitching for Missoula Osprey : RHP Don Thibodeaux
Batting: RHB Kojo Geraldo 0-0: Ball
1-0: Called Strike
1-1: Fly out, F4 (Line Drive, 4, EV 67.5 MPH)
Batting: RHB Jimmy Thrower 0-0: SINGLE (Line Drive, 8RS, EV 103.1 MPH)
Batting: RHB Calbert Weldon 0-0: Called Strike
Jimmy Thrower steals 2nd base
0-1: Foul Ball, location: 2F
0-2: Strikes out swinging
Batting: LHB Neil Whitfield 0-0: Ball
1-0: Ground out 4-3 (Groundball, 34, EV 87.5 MPH)
Bottom of the 2nd over - 0 runs, 1 hit, 0 errors, 1 left on base; Missoula 0 - Pocatello 0
TOP OF THE 3RD
Missoula Osprey batting - Pitching for Pocatello Pioneers : RHP Ulises Macareno
Batting: RHB Will Westfall 0-0: Ball
1-0: Ball
2-0: Reached on error, E6 (Groundball, 6, EV 76.9 MPH)
Batting: RHB Dexter Christenson 0-0: Ball
1-0: Ball
2-0: Ball
3-0: Called Strike
3-1: Fly out, F8 (Flyball, 8LD, EV 74.4 MPH)
Batting: RHB Joe Miller 0-0: Ball
1-0: Swinging Strike
1-1: Ball
2-1: Ball
3-1: Base on Balls
Will Westfall to second
Batting: LHB Ross Dix 0-0: Fly out, F9 (Flyball, 89S, EV 80.6 MPH)
Batting: RHB Maddox Voorhees 0-0: Foul Ball, location: 2F
0-1: Called Strike
0-2: Foul Ball, location: 2F
0-2: Ball
1-2: Ball
2-2: Ball
3-2: Strikes out swinging
Top of the 3rd over - 0 runs, 0 hits, 1 error, 2 left on base; Missoula 0 - Pocatello 0
BOTTOM OF THE 3RD
Pocatello Pioneers batting - Pitching for Missoula Osprey : RHP Don Thibodeaux
Batting: RHB Gael Bojorquez 0-0: SINGLE (Groundball, 13S, EV 68.1 MPH) (infield hit)
Batting: RHB George Williams 0-0: Ball
1-0: Ball
Gael Bojorquez steals 2nd base
2-0: Called Strike
2-1: Fly out, F9 (Flyball, 9S, EV 85.6 MPH)
Batting: RHB Ben Calderini 0-0: Swinging Strike
0-1: SINGLE (Flyball, 8RS, EV 93.8 MPH)
Gael Bojorquez to third
Batting: LHB Andrew Zollars 0-0: Ball
1-0: Ball
2-0: Ball
3-0: Base on Balls
Ben Calderini to second
Batting: LHB Cole Goggans 0-0: Called Strike
0-1: Fly out, F8 (Flyball, 8LXD, EV 102.5 MPH)
Runner from 3rd tags up, SCORES, no throw by CF
Batting: RHB Kojo Geraldo 0-0: Ball
1-0: Fly out, F8 (Line Drive, 8LD, EV 95.6 MPH)
Bottom of the 3rd over - 1 run, 2 hits, 0 errors, 2 left on base; Missoula 0 - Pocatello 1
TOP OF THE 4TH
Missoula Osprey batting - Pitching for Pocatello Pioneers : RHP Ulises Macareno
Batting: RHB Andy Schweickert 0-0: Called Strike
0-1: Ball
1-1: Swinging Strike
1-2: Ball
2-2: Ball
3-2: Strikes out swinging
Batting: RHB D.J. Toya 0-0: Fly out, F9 (Flyball, 9S, EV 95.0 MPH)
Batting: LHB Ziggy Delagarza 0-0: Called Strike
0-1: Ball
1-1: Foul Ball, location: 2F
1-2: Ball
2-2: Foul Ball, location: 2F
2-2: Ball
3-2: Base on Balls
Batting: RHB Colton McGuire 0-0: Called Strike
0-1: Ball
1-1: Ground out 4-3 (Groundball, 4, EV 105.6 MPH)
Top of the 4th over - 0 runs, 0 hits, 0 errors, 1 left on base; Missoula 0 - Pocatello 1
BOTTOM OF THE 4TH
Pocatello Pioneers batting - Pitching for Missoula Osprey : RHP Don Thibodeaux
Batting: RHB Jimmy Thrower 0-0: Ball
1-0: Called Strike
1-1: SINGLE (Flyball, 89S, EV 95.0 MPH)
Batting: RHB Calbert Weldon 0-0: Ball
1-0: Swinging Strike
1-1: Ball
2-1: Ball
3-1: Fly out, F7 (Line Drive, 7D, EV 98.1 MPH)
Batting: LHB Neil Whitfield 0-0: Ball
Jimmy Thrower steals 2nd base
1-0: Called Strike
1-1: Ball
2-1: Ball
3-1: Base on Balls
Batting: RHB Gael Bojorquez 0-0: Foul Ball, location: 2F
0-1: Called Strike
0-2: Ball
1-2: Strikes out swinging
Batting: RHB George Williams 0-0: Hit by Pitch
Jimmy Thrower to third
Neil Whitfield to second
Batting: RHB Ben Calderini 0-0: SINGLE (Groundball, 3D, EV 97.5 MPH)
Jimmy Thrower scores
Neil Whitfield to third
George Williams to second
Runner from 3rd tries for Home, SAFE, throw by RF to home
Batting: LHB Andrew Zollars 0-0: Ball
1-0: Foul Ball, location: 2F
1-1: DOUBLE (Line Drive, 9LD, EV 105.6 MPH)
George Williams scores
Ben Calderini to third
Runner from 3rd tries for Home, SAFE, throw by RF to trailing runner, OUT at third! 9-3-5
Bottom of the 4th over - 4 runs, 3 hits, 0 errors, 0 left on base; Missoula 0 - Pocatello 5
TOP OF THE 5TH
Missoula Osprey batting - Pitching for Pocatello Pioneers : RHP Ulises Macareno
Batting: RHB Will Westfall 0-0: Ball
1-0: Called Strike
1-1: Reached via error on a dropped throw from SS, E3 (Groundball, 6M, EV 102.5 MPH)
Batting: RHB Dexter Christenson 0-0: Ball
1-0: Fly out, F9 (Flyball, 89S, EV 92.5 MPH)
Batting: RHB Joe Miller 0-0: Ball
Passed Ball!
Will Westfall to second
1-0: Called Strike
1-1: Foul Ball, location: 2F
1-2: Ball
2-2: SINGLE (Line Drive, 8RM, EV 91.9 MPH)
Will Westfall to third
Batting: LHB Ross Dix 0-0: Ball
1-0: Ball
2-0: Grounds into double play, 4-6-3 (Groundball, 4, EV 78.1 MPH)
Top of the 5th over - 0 runs, 1 hit, 1 error, 1 left on base; Missoula 0 - Pocatello 5
BOTTOM OF THE 5TH
Pocatello Pioneers batting - Pitching for Missoula Osprey : RHP Don Thibodeaux
Pitching: RHP Mark Fogelberg
Batting: LHB Cole Goggans 0-0: SINGLE (Flyball, 9LS, EV 95.0 MPH)
Batting: RHB Kojo Geraldo 0-0: Ball
1-0: Ball
2-0: Foul Ball, location: 2F
2-1: Swinging Strike
2-2: Foul Ball, location: 2F
2-2: Ball
3-2: Base on Balls
Cole Goggans to second
Batting: RHB Jimmy Thrower 0-0: Bunted foul
0-1: Sac Bunt to 15 - play at first, batter OUT! 1-4
Cole Goggans to third
Kojo Geraldo to second
Batting: RHB Calbert Weldon 0-0: SINGLE (Groundball, 6S, EV 65.6 MPH) (infield hit)
Cole Goggans scores
Kojo Geraldo to third
Batting: LHB Neil Whitfield 0-0: 3-RUN HOME RUN (Flyball, 9D, EV 98.1 MPH), Distance : 365 ft
Pitching: RHP Ivan Ramos
Batting: RHB Gael Bojorquez 0-0: Ball
1-0: Fly out, F8 (Flyball, 8LS, EV 81.2 MPH)
Batting: RHB George Williams 0-0: Called Strike
0-1: Ball
1-1: Ball
2-1: Ball
3-1: Ground out U3 (Groundball, 34, EV 100.0 MPH)
Bottom of the 5th over - 4 runs, 3 hits, 0 errors, 0 left on base; Missoula 0 - Pocatello 9
TOP OF THE 6TH
Missoula Osprey batting - Pitching for Pocatello Pioneers : RHP Ulises Macareno
Batting: RHB Maddox Voorhees 0-0: Ball
1-0: Ball
2-0: Swinging Strike
2-1: Ball
3-1: Called Strike
3-2: Strikes out looking
Batting: RHB Andy Schweickert 0-0: Fly out, F9 (Line Drive, 9, EV 96.2 MPH)
Batting: RHB D.J. Toya 0-0: Called Strike
0-1: Ground out 6-3 (Groundball, 6MD, EV 98.8 MPH)
Top of the 6th over - 0 runs, 0 hits, 0 errors, 0 left on base; Missoula 0 - Pocatello 9
BOTTOM OF THE 6TH
Pocatello Pioneers batting - Pitching for Missoula Osprey : RHP Ivan Ramos
Batting: RHB Ben Calderini 0-0: Fly out, F7 (Flyball, 7LD, EV 91.2 MPH)
Batting: LHB Andrew Zollars 0-0: Ball
1-0: Ball
2-0: Ground out 4-3 (Groundball, 4, EV 83.1 MPH)
Batting: LHB Cole Goggans 0-0: Ball
1-0: Fly out, F7 (Line Drive, 7, EV 93.1 MPH)
Bottom of the 6th over - 0 runs, 0 hits, 0 errors, 0 left on base; Missoula 0 - Pocatello 9
TOP OF THE 7TH
Missoula Osprey batting - Pitching for Pocatello Pioneers : RHP Ulises Macareno
Batting: LHB Ziggy Delagarza 0-0: Ball
1-0: Foul Ball, location: 2F
1-1: SINGLE (Flyball, 56D, EV 94.4 MPH)
Batting: RHB Colton McGuire 0-0: Ball
1-0: Fielders Choice at 2nd, 6-4 (Groundball, 6, EV 80.6 MPH)
Batting: RHB Will Westfall 0-0: SINGLE (Groundball, 56, EV 94.4 MPH)
Colton McGuire to second
Batting: RHB Dexter Christenson 0-0: Foul Ball, location: 2F
0-1: Swinging Strike
0-2: Ball
1-2: Ball
2-2: Fly out, F9 (Flyball, 9D, EV 95.6 MPH)
Runner from 2nd tags up, SAFE at 3rd, no throw by RF
Batting: RHB Joe Miller 0-0: Called Strike
0-1: Fly out, F6 (Line Drive, 6, EV 63.1 MPH)
Top of the 7th over - 0 runs, 2 hits, 0 errors, 2 left on base; Missoula 0 - Pocatello 9
BOTTOM OF THE 7TH
Pocatello Pioneers batting - Pitching for Missoula Osprey : RHP Ivan Ramos
Batting: RHB Kojo Geraldo 0-0: Foul Ball, location: 2F
0-1: Called Strike
0-2: Foul Ball, location: 2F
0-2: Fly out, F3 (Popup, 3SF, EV 71.2 MPH)
Batting: RHB Jimmy Thrower 0-0: Swinging Strike
0-1: Foul Ball, location: 2F
0-2: Foul Ball, location: 2F
0-2: Ball
1-2: SINGLE (Groundball, 56D, EV 110.0 MPH)
Batting: RHB Calbert Weldon 0-0: Ball
1-0: Fielders Choice at 2nd, 5-4 (Groundball, 56S, EV 88.1 MPH)
Pinch Hitting: LHB Joshua Sinclair 0-0: Ball
1-0: Ball
2-0: Swinging Strike
2-1: Ball
3-1: Called Strike
3-2: Base on Balls
Calbert Weldon to second
Pinch Hitting: RHB Alexander Frazier 0-0: Ground out 5-3 (Groundball, 56S, EV 85.6 MPH)
Bottom of the 7th over - 0 runs, 1 hit, 0 errors, 2 left on base; Missoula 0 - Pocatello 9
TOP OF THE 8TH
Missoula Osprey batting - Pitching for Pocatello Pioneers : RHP Ulises Macareno
Pitching: RHP Madesio De Los Santos
Now at 3B: Alexander Frazier
Now at SS: Andrew Zollars
Now in LF: Joshua Sinclair
Batting: LHB Ross Dix 0-0: Swinging Strike
0-1: Fly out, F9 (Flyball, 9LM, EV 98.1 MPH)
Batting: RHB Maddox Voorhees 0-0: Called Strike
0-1: Called Strike
0-2: Foul Ball, location: 2F
0-2: Ball
1-2: Strikes out swinging
Batting: RHB Andy Schweickert 0-0: Called Strike
0-1: Ball
1-1: Foul Ball, location: 2F
1-2: Foul Ball, location: 2F
1-2: SINGLE (Flyball, 3D, EV 93.8 MPH)
Batting: RHB D.J. Toya 0-0: Ball
1-0: 2-RUN HOME RUN (Flyball, 7D, EV 95.0 MPH), Distance : 375 ft
Batting: LHB Ziggy Delagarza 0-0: Foul Ball, location: 2F
0-1: SINGLE (Groundball, 13S, EV 71.9 MPH) (infield hit)
Batting: RHB Colton McGuire 0-0: Ball
1-0: Ball
2-0: Fielders Choice at 2nd, 5-4 (Groundball, 5, EV 89.4 MPH)
Top of the 8th over - 2 runs, 3 hits, 0 errors, 1 left on base; Missoula 2 - Pocatello 9
BOTTOM OF THE 8TH
Pocatello Pioneers batting - Pitching for Missoula Osprey : RHP Ivan Ramos
Pinch Hitting: LHB Alonso Pérez 0-0: Called Strike
0-1: Foul Ball, location: 2F
0-2: Foul Ball, location: 2F
0-2: Foul Ball, location: 2F
0-2: Strikes out swinging
Pitching: RHP Adrian Odom
Batting: RHB Ben Calderini 0-0: Ball
1-0: Foul Ball, location: 2F
1-1: Called Strike
1-2: Ball
2-2: Ball
3-2: Strikes out looking
Batting: LHB Andrew Zollars 0-0: Called Strike
0-1: Foul Ball, location: 2F
0-2: Ball
1-2: Ball
2-2: Ball
3-2: Foul Ball, location: 2F
3-2: Ground out 5-3 (Groundball, 15, EV 95.0 MPH)
Bottom of the 8th over - 0 runs, 0 hits, 0 errors, 0 left on base; Missoula 2 - Pocatello 9
TOP OF THE 9TH
Missoula Osprey batting - Pitching for Pocatello Pioneers : RHP Madesio De Los Santos
Now in RF: Alonso Pérez
Batting: RHB Will Westfall 0-0: Swinging Strike
0-1: Foul Ball, location: 2F
0-2: Strikes out swinging
Batting: RHB Dexter Christenson 0-0: Ball
1-0: Called Strike
1-1: Ball
2-1: Foul Ball, location: 2F
2-2: Ground out 4-3 (Groundball, 4M, EV 108.8 MPH)
Batting: RHB Joe Miller 0-0: Called Strike
0-1: Swinging Strike
0-2: Strikes out looking
Top of the 9th over - 0 runs, 0 hits, 0 errors, 0 left on base; Missoula 2 - Pocatello 9
Monday, May 6th , 2024 - OOTP Baseball 24.11 Build 85